Description

a

Replay - Stats v Zest: Game 3 - Abyssal Reef LE

Build Order

Get SALT Encoding   

  12  0:02  Probe (Chrono Boost)  
  14  0:14  Probe (Chrono Boost)  
  14  0:17  Pylon  
  14  0:25  Probe (Chrono Boost)  
  15  0:31  Probe (Chrono Boost)  
  16  0:38  Gateway  
  16  0:40  Probe (Chrono Boost)  
  17  0:48  Assimilator  
  17  0:53  Probe (Chrono Boost)  
  17  0:55  Assimilator  
  18  0:59  Probe (Chrono Boost)  
  19  1:07  Probe (Chrono Boost)  
  20  1:13  Gateway  
  21  1:19  Probe (Chrono Boost)  
  21  1:26  Cybernetics Core  
  21  1:31  Probe (Chrono Boost)  
  22  1:34  Pylon  
  23  1:54  Warp Gate  
  24  2:03  Stalker, Sentry  
  28  2:13  Pylon  
  28  2:30  Nexus  
  28  2:36  Stalker  
  30  2:39  Sentry  
  32  2:53  Robotics Facility  
  34  3:22  Pylon  
  40  3:56  Stalker x2  
  48  4:23  Stalker x2  
  54  4:31  Forge  
  54  4:33  Protoss Ground Weapons Level 1  
  54  4:36  Pylon  
  57  4:48  Observer  
  60  4:55  Assimilator  
  62  5:03  Assimilator  
  62  5:08  Twilight Council  
  64  5:15  Stalker  
  66  5:31  Gateway x2  
  66  5:38  Gateway x2  
  66  5:45  Templar Archives, Charge  
  66  5:48  Gateway  
  66  5:50  Protoss Ground Weapons Level 2  
  66  5:55  Gateway  
  66  5:59  Immortal  
  70  6:31  Nexus  
  72  6:41  Observer  
  72  6:47  Photon Cannon  
  72  6:48  High Templar x4  
  72  6:54  Photon Cannon  
  80  6:56  Archon x2  
  80  6:58  Immortal  
  88  7:21  High Templar x2  
  92  7:23  Protoss Ground Weapons Level 3  
  92  7:25  Assimilator, Archon  
  94  7:31  Assimilator  
  94  7:38  Photon Cannon  
  100  8:00  Gateway x2  
  100  8:01  Shield Battery x2  
  100  8:02  Zealot x5, High Templar x2  
  116  8:07  Archon  
  116  8:08  Observer  
  116  8:23  Shield Battery x2  
  116  8:27  Zealot x3, High Templar x2  
  126  8:38  Archon  
  126  8:49  Warp Prism  
  126  8:51  Zealot x2  
  138  9:00  Archon  
  148  9:06  Archon, Nexus  
  148  9:34  Stalker  
  162  9:40  Archon  
  166  9:46  Protoss Ground Armor Level 1  
  166  9:51  Archon  
Spawning Tool Build Advisor. Get it on Overwolf

Analysis

a

Go to:

Details

  • Created by: Heeebs
  • Published on: Nov 25, 2017
  • Modified on: Nov 25, 2017
  • Patch: 4.0.0
Show
View Real Time Build Order
Export as new Build Order

Comments (0)

There are no comments. Be the first!

Create an account to comment!